Cogmind - Beta 16 @@@ ROGUE MODE // 2025.12.22 @ 22:35:01 Player: TheGamingJasper Result: Self-destructed Performance ------------- Evolutions (2) 1000 Regions Visited (4) 800 Robots Destroyed (9) 45 Value Destroyed (314) 314 Prototype IDs (0) 0 Alien Tech Used (0) 0 Bonus (200) 200 TOTAL SCORE: 2359 Bonus ------- Pacifist 200 Cogmind --------- Core Integrity 380/550 Matter 238/300 Energy 160/160 System Corruption 3% Temperature Cool (18) Movement Walking (105) Location -8/Materials Parts ------- > --- POWER (1) -------- Light Nuclear Core > --- PROPULSION (4) --- Aluminum Leg Aluminum Leg Aluminum Leg > --- UTILITY (4) ------ Small Storage Unit Visual Processing Unit Sensor Array > --- WEAPON (2) ------- (None) > --- INVENTORY (8) ---- Light Ion Engine Faulty Heavy Ion Engine Medium Matter Pod (100) Small Laser Light Assault Rifle Rocket Launcher Peak State ------------ > --- POWER ------------ Light Nuclear Core > --- PROPULSION ------- Aluminum Leg Aluminum Leg Aluminum Leg Aluminum Leg > --- UTILITY ---------- Small Storage Unit Visual Processing Unit Sensor Array > --- WEAPON ----------- Light Assault Rifle Rocket Launcher > --- INVENTORY -------- Light Ion Engine Heavy Ion Engine Medium Matter Pod Small Laser Light Assault Rifle Light Assault Rifle [Rating: 14] Favorites ----------- Power Ion Engine Engine Ion Engine Power Core Light Nuclear Core Propulsion Aluminum Leg Leg Aluminum Leg Utility Small Storage Unit Device Sensor Array Storage Small Storage Unit Processor Visual Processing Unit Protection Medium Armor Plating Weapon Light Assault Rifle Ballistic Gun Light Assault Rifle Launcher Rocket Launcher Build | -11 -10 -10 -9 -8 ------- Run | Yrd Mat Min Mat Mat Slots Evolved 4 | . . . 2 2 Power . | . . . . . Propulsion 2 | . . . 2 . Utility 2 | . . . . 2 Weapon . | . . . . . Parts Attached 13 | 6 1 . 1 5 Power 2 | 1 . . . 1 Engine 1 | 1 . . . . Core 1 | . . . . 1 Reactor . | . . . . . Propulsion 4 | 2 . . . 2 Treads . | . . . . . Leg 4 | 2 . . . 2 Wheel . | . . . . . Hover . | . . . . . Flight . | . . . . . Utility 4 | 1 1 . . 2 Device 1 | . . . . 1 Storage 1 | 1 . . . . Processor 1 | . . . . 1 Hackware . | . . . . . Protection 1 | . 1 . . . Artifact . | . . . . . Weapon 3 | 2 . . 1 . Energy Gun . | . . . . . Energy Cannon . | . . . . . Ballistic Gun 2 | 2 . . . . Ballistic Cannon . | . . . . . Launcher 1 | . . . 1 . Special Weapon . | . . . . . Impact Weapon . | . . . . . Slashing Weapon . | . . . . . Piercing Weapon . | . . . . . Special Melee Weapon . | . . . . . Unidentified Prototypes . | . . . . . Parts Lost 5 | . . . . 5 Power 1 | . . . . 1 Propulsion 1 | . . . . 1 Utility 1 | . . . . 1 Weapon 2 | . . . . 2 Highest Loss Streak 3 | . . . . 3 To Critical Strikes . | . . . . . Average Backups 5 | 2 4 5 5 6 Power 1 | . 1 1 1 2 Propulsion . | . . . . . Utility 1 | . 1 2 2 1 Weapon 2 | 1 1 2 2 3 Tool/Special . | . . . . . Unused Backups 5 | . . . . 5 Power 2 | . . . . 2 Propulsion . | . . . . . Utility 1 | . . . . 1 Weapon 2 | . . . . 2 Tool/Special . | . . . . . Average Slot Usage (%) 84 | . 97 100 77 79 Engine 10 | . 14 14 11 7 Leg 22 | . 28 28 22 19 Device 3 | . . . . 7 Storage 11 | . 14 14 11 9 Processor 3 | . . . . 9 Protection 10 | . 11 14 11 7 Ballistic Gun 19 | . 28 28 20 11 Launcher 3 | . . . 1 6 Peak Build Rating 14 | 6 8 8 10 14 Average Rating 9 | 4 7 8 8 11 On Entrance 6 | . 6 8 8 10 Avg Prop Armor Cover (%) . | . . . . . Naked Turns . | . . . . . Heaviest Build 23 | 12 19 19 22 23 Greatest Support 40 | 20 20 20 20 40 Greatest Overweight (x) 1 | . . . 1 1 Average Overweight (x) . | . . . . . Largest Inventory Capacity 8 | 8 8 8 8 8 Average Capacity 7 | 7 8 8 8 8 Most Carried 7 | 5 5 5 7 7 Average Carried 5 | 2 4 5 5 6 Final Capacity 8 | 8 8 8 8 8 Final Carried 7 | 2 5 5 7 6 Class Distribution -------------------- 100% | Mutant Dominant Class ---------------- Mutant | -10/Materials Mutant | -10/Mines Mutant | -9/Materials Mutant | -8/Materials Resources | -11 -10 -10 -9 -8 ----------- Run | Yrd Mat Min Mat Mat Matter Collected 494 | 182 . . 108 204 Remotely . | . . . . . Salvage Created 309 | . . . 126 183 Parts 19 | . . . 10 9 Haulers Intercepted . | . . . . . Recyclers Shooed . | . . . . . Parts Field Recycled . | . . . . . Retrieved Matter . | . . . . . Parts Self-Destructed . | . . . . . Prevented . | . . . . . Parts Restored . | . . . . . Kills | -11 -10 -10 -9 -8 ------- Run | Yrd Mat Min Mat Mat Combat Hostiles Destroyed 9 | . . . 5 4 Guns 5 | . . . 2 3 AOE 4 | . . . 3 1 Classes Destroyed 4 | . . . 2 2 Swarmer 3 | . . . 3 . Grunt 2 | . . . . 2 Sentry 3 | . . . 2 1 Hunter 1 | . . . . 1 Best Kill Streak 3 | . . . 3 2 Combat Bots Only 3 | . . . 3 2 Max Kills in Single Turn 3 | . . . 3 1 Gunslinging . | . . . . . Exploded 3 | . . . 3 1 Melee . | . . . . . Uniques/NPCs Destroyed . | . . . . . Combat | -11 -10 -10 -9 -8 -------- Run | Yrd Mat Min Mat Mat Hostile Shots Fired 71 | . . . 19 52 Missed 17 | . . . 5 12 Hits 54 | . . . 14 40 Projectile 54 | . . . 14 40 Critical Strikes 4 | . . . . 4 Damage Taken 830 | . 12 . 183 635 Core 204 | . . . 34 170 Absorbed by Shields . | . . . . . Core Remaining (%) 97 | 100 . 100 91 . Volleys Fired 45 | . 1 . 9 35 Largest 2 | . 2 . 2 2 Hottest 53 | . 40 . 40 53 Shots Fired 81 | . 2 . 17 62 Gun 78 | . 2 . 16 60 Cannon . | . . . . . Launcher 3 | . . . 1 2 Special . | . . . . . Kinetic 78 | . 2 . 16 60 Thermal . | . . . . . Explosive 3 | . . . 1 2 Electromagnetic . | . . . . . Robot Hit Streak 11 | . . . 9 11 Robot Miss Streak 2 | . 2 . 1 2 Penetration Max . | . . . . . Secondary Targets . | . . . . . Shots Hit Robots 59 | . . . 13 46 Core Hits 27 | . . . 9 18 Critical Kills . | . . . . . Critical Parts Destroyed . | . . . . . Critical Strikes . | . . . . . Melee Attacks . | . . . . . Impact . | . . . . . Slashing . | . . . . . Piercing . | . . . . . Sneak Attacks . | . . . . . Combat Hostiles . | . . . . . Follow-up Attacks . | . . . . . Damage Inflicted 681 | . . . 248 433 Guns 446 | . . . 106 340 Cannons . | . . . . . Explosions 235 | . . . 142 93 Melee . | . . . . . Ramming . | . . . . . Kinetic 446 | . . . 106 340 Thermal . | . . . . . Explosive 235 | . . . 142 93 Electromagnetic . | . . . . . Impact . | . . . . . Slashing . | . . . . . Piercing . | . . . . . Highest Corruption 3 | . . . . 3 Average Corruption 2 | . . . . 2 Corruption Purged . | . . . . . Corruption Blocked . | . . . . . Effects 3 | . . . . 3 Matter Fused 2 | . . . . 2 Energy Discharges 1 | . . . . 1 Overload Shots . | . . . . . Overflow Damage . | . . . . . Projectiles . | . . . . . Explosions . | . . . . . Melee . | . . . . . Knockbacks . | . . . . . Impact . | . . . . . Kinetic . | . . . . . Secondary . | . . . . . Self-Inflicted Damage 41 | . . . 3 38 Shots 3 | . . . 1 2 Rammed . | . . . . . Targets Rammed . | . . . . . Kicked . | . . . . . Crushed . | . . . . . Highest Temperature 23 | . . . 9 23 Average Temperature 8 | . . . 9 8 Received Heat Transfer 405 | . . . 54 351 Siege Activations . | . . . . . Martial Activations . | . . . . . Shielding Activations . | . . . . . Robots Disrupted . | . . . . . Combat Hostiles . | . . . . . Robots Corrupted . | . . . . . Combat Hostiles . | . . . . . Parts Fried . | . . . . . Impact Corruptions . | . . . . . Robots Melted . | . . . . . Combat Hostiles . | . . . . . Parts Melted . | . . . . . Heat Transferred . | . . . . . Parts Sabotaged . | . . . . . Parts Stolen . | . . . . . Parts Stripped . | . . . . . Power Chain Reactions . | . . . . . Alert | -11 -10 -10 -9 -8 ------- Run | Yrd Mat Min Mat Mat Maximum Alert Level . | . . . . . Low Security (%) 100 | 100 100 100 100 100 Level 1 . | . . . . . Level 2 . | . . . . . Level 3 . | . . . . . Level 4 . | . . . . . Level 5 . | . . . . . High Security . | . . . . . Max Security . | . . . . . Peak Influence 107 | . . . 107 77 Initial 40 | . . . . 40 Average 11 | . . . 22 14 Influence Increases 304 | . . . 152 152 Destroy 0b10 Robot/C 180 | . . . 100 80 Destroy Leader 60 | . . . 30 30 Destroy Structure 19 | . . . 7 12 Lose Combat Pursuer 45 | . . . 15 30 Influence Decreases 267 | . . . 55 212 Entered New Map 57 | . . . . 57 Time Decay 160 | . . . 55 105 Lost Part 50 | . . . . 50 Squads Dispatched 3 | . 1 . . 2 Investigation 2 | . . . . 2 Extermination . | . . . . . Reinforcement 1 | . 1 . . . Assault . | . . . . . Garrison . | . . . . . Intercept . | . . . . . Searches Triggered . | . . . . . Construction Impeded . | . . . . . Haulers Reinforced . | . . . . . Active Scanning Responses . | . . . . . Cargo Convoy Interrupts . | . . . . . Stealth | -11 -10 -10 -9 -8 --------- Run | Yrd Mat Min Mat Mat Distress Signals 1 | . . . . 1 Communications Jammed . | . . . . . Distress Signals . | . . . . . Times Spotted 17 | . 2 . 5 10 Peak Tracking Total 5 | . 2 . 3 5 Tactical Retreats 3 | . . . 1 2 Traps | -11 -10 -10 -9 -8 ------- Run | Yrd Mat Min Mat Mat Traps Triggered 5 | . 1 . . 4 Indirectly . | . . . . . Trap Hack Attempts . | . . . . . Triggered . | . . . . . Disarmed . | . . . . . Reprogrammed . | . . . . . Reused . | . . . . . Traps Extracted . | . . . . . Installed . | . . . . . Triggered . | . . . . . Machines | -11 -10 -10 -9 -8 ---------- Run | Yrd Mat Min Mat Mat Machines Disabled . | . . . . . Max in Single Turn . | . . . . . Machines Repaired . | . . . . . Machines Dismantled . | . . . . . Machines Sabotaged . | . . . . . Overloaded Fab Kills . | . . . . . Hacking | -11 -10 -10 -9 -8 --------- Run | Yrd Mat Min Mat Mat Machines Accessed 3 | . . . 1 2 Terminals 1 | . . . . 1 Fabricators . | . . . . . Repair Stations . | . . . . . Recycling Units . | . . . . . Scanalyzers 2 | . . . 1 1 Garrison Access . | . . . . . Total Hacks 4 | . . . 2 2 Successful 2 | . . . 1 1 Failed 1 | . . . . 1 Catastrophic 1 | . . . . 1 Database Lockouts 1 | . . . 1 . Manual . | . . . . . Terminals 1 | . . . . 1 Fabricators . | . . . . . Repair Stations . | . . . . . Recycling Units . | . . . . . Scanalyzers 3 | . . . 2 1 Garrison Access . | . . . . . Terminal Hacks . | . . . . . Fabricator Hacks . | . . . . . Repair Station Hacks . | . . . . . Recycling Unit Hacks . | . . . . . Scanalyzer 2 | . . . 1 1 Retrieve Study 2 | . . . 1 1 Garrison Access Hacks . | . . . . . Unauthorized Hacks . | . . . . . Terminals . | . . . . . Fabricators . | . . . . . Repair Stations . | . . . . . Recycling Units . | . . . . . Scanalyzers . | . . . . . Garrison Access . | . . . . . Data Cores Recovered . | . . . . . Used . | . . . . . Hacking Detections 3 | . . . 1 2 Full Trace Events . | . . . . . Feedback Events . | . . . . . Feedback Blocked . | . . . . . Robot Schematics Acquired . | . . . . . Robots Built . | . . . . . Authchips . | . . . . . Time . | . . . . . Total Robot Build Rating . | . . . . . Part Schematics Acquired . | . . . . . Parts Built . | . . . . . Authchips . | . . . . . Time . | . . . . . Total Part Build Rating . | . . . . . Part Studies Acquired 2 | . . . 1 1 Parts Repaired . | . . . . . Time . | . . . . . Parts Recycled . | . . . . . Recycled Matter . | . . . . . Retrieved Matter . | . . . . . Retrieved Components . | . . . . . Parts Scanalyzed . | . . . . . Part Schematics Acquired . | . . . . . Parts Damaged . | . . . . . Bothacking | -11 -10 -10 -9 -8 ------------ Run | Yrd Mat Min Mat Mat Used RIF Installer . | . . . . . Robots Hacked . | . . . . . Non-combat . | . . . . . Combat . | . . . . . Robot Hacks Applied . | . . . . . Relay Couplers Released . | . . . . . Fabnet Peak Effective % . | . . . . . Robots Rewired . | . . . . . Allies Hacked . | . . . . . Hacks Repelled . | . . . . . Allies | -11 -10 -10 -9 -8 -------- Run | Yrd Mat Min Mat Mat Total Allies . | . . . . . Largest Group . | . . . . . Highest-Rated Group . | . . . . . Highest-Rated Ally . | . . . . . Total Orders . | . . . . . Ally Attacks . | . . . . . Total Damage . | . . . . . Kills . | . . . . . Allies Corrupted . | . . . . . Allies Melted . | . . . . . Intel | -11 -10 -10 -9 -8 ------- Run | Yrd Mat Min Mat Mat Active Infowar (turns) 366 | . . . . 366 Optics 366 | . . . . 366 Sensors 320 | . . . . 320 Robot Analysis Total . | . . . . . Derelict Logs Recovered . | . . . . . Drone Launches . | . . . . . Drone Recoveries . | . . . . . Exploration | -11 -10 -10 -9 -8 ------------- Run | Yrd Mat Min Mat Mat Turns Passed 937 | 51 190 80 250 366 Spaces Moved 597 | 39 153 67 181 157 Core 12 | 12 . . . . Treads . | . . . . . Legs 585 | 27 153 67 181 157 Wheels . | . . . . . Hover . | . . . . . Flight . | . . . . . Fastest Speed 50 | 50 120 120 105 105 Average Speed 128 | 98 120 120 112 167 Slowest Speed 175 | 120 120 120 175 175 Overloaded Moves . | . . . . . Propulsion Burnouts . | . . . . . Robots Hopped . | . . . . . Potential Cave-ins . | . . . . . Cave-ins Triggered . | . . . . . Exploration Rate (%) 18 | 4 37 17 16 17 Regions Visited 4 Branch Regions 1 Pre-discovered Areas . | . . . . . Known Exits Taken . | . . . . . Unknown Exits Taken 4 | 1 1 1 1 . Scrap Searched . | . . . . . Spaces Dug . | . . . . . Terrain Destroyed 27 | . . . 7 20 Melee . | . . . . . Projectile . | . . . . . AOE 27 | . . . 7 20 Terrain Rammed . | . . . . . Walls Destroyed . | . . . . . Machines Disabled . | . . . . . Actions | -11 -10 -10 -9 -8 --------- Run | Yrd Mat Min Mat Mat Total 697 | 51 158 66 214 208 Wait 26 | . . . 22 4 Move 593 | 38 152 66 180 157 Hop . | . . . . . Pick Up 17 | 7 4 . 2 4 Fast Attach 1 | 1 . . . . Attach 11 | 5 1 . . 5 Detach . | . . . . . Swap 4 | . . . 1 3 Drop . | . . . . . Fire 45 | . 1 . 9 35 Melee . | . . . . . Ram . | . . . . . Kick . | . . . . . Crush . | . . . . . Escape Stasis . | . . . . . Rewire . | . . . . . Trap . | . . . . . Miscellaneous . | . . . . . Route ------- -11/Scrapyard -10/Materials -10/Mines -9/Materials -8/Materials History --------- Turn | Location | Event 4 | -11/Scrapyard | Discovered new exit (range 15) 52 | -11/Scrapyard | Entered Materials 143 | -10/Materials | Discovered new exit (range 16) 242 | -10/Materials | Entered Mines 253 | -10/Mines | Found a hidden stash of uninstalled traps 288 | -10/Mines | Met a Derelict bent on vengeance 301 | -10/Mines | Build established: Mutant 304 | -10/Mines | Discovered new exit (range 15) 322 | -10/Mines | Entered Materials 322 | -9/Materials | Evolved 2 slots: Propulsion x2 330 | -9/Materials | Central database locked down 517 | -9/Materials | Discovered new exit (range 5) 572 | -9/Materials | Entered another Materials area 572 | -8/Materials | Evolved 2 slots: Utility x2 938 | -8/Materials | Self-destructed Last Messages --------------- U-05 Engineer lays Concrete. U-05 Engineer builds a Wall. U-05 Engineer lays Concrete. Lgt. Assault Rifle destroyed. Critical hit (Burn: +37). U-05 Engineer builds a Wall. U-05 Engineer lays Concrete. Critical hit (Burn: +37). U-05 Engineer lays Concrete. U-05 Engineer builds a Wall. U-05 Engineer builds a Door. U-05 Engineer builds a Wall. The unstable cave ceiling collapses. U-05 Engineer builds a Wall. U-05 Engineer lays Concrete. U-05 Engineer builds a Wall. K-01 Serf collects debris. U-05 Engineer builds a Wall. System corrupted: Matter fused (-5). Lgt. Assault Rifle destroyed. Map ----- +----------------------------------------------------+ | ?????????????????????????????????????????????????? | | ?????????????????????????????????????????????????? | | ?????????????????????????????????????????????????? | | ?????????????????????????????????????????????????? | | ?????????????????????????????????????????????????? | | ?????????????????????????????????????????????????? | | ?????????????????????????????????????????????????? | | ?????????????????????????????????????????????????? | | ?????????????????????????????????????????????????? | | ?????????????????????????????????????????????????? | | ?????????????????????????????????????????????????? | | ?????????????????????????????????????????????????? | | ?????????????????????????????????????????????????? | | ?????????????????????????????????????????????????? | | ???#+####????????????????????????????????????????? | | ???# ????????????????????????????????????????? | | ???? ????????????????????##??????????????????? | | ???? ?????????????####### ###????????????????? | | ????# #???????????### #????????????????? | | ????# #??????????## #[ #????????????????? | | ????# #??????????# #u= !!! #????????????????? | | ????# #??????????# #! !!! #????????????????? | | ????# #??????????# [#%u ! k!! #????????????????? | | ##### #??????????# # #????????????????? | | ############### u[ #????????????????? | | u g @ #????????????????? | | ############# # #g######????????????????? | | #?????????????## ? ????????????????????? | | ######?????????#??? g ??????????????????? | | #????????????? ?????????????????? | | #?????????????? g ???????????????? | | !! #?????????????? ######??????????????? | | #?######????????#???????????????????? | | # #????????????????????????????? | | "T" # | #????????????????????????????? | | """ ] + #????????????????????????????? | | # % #????????????????????????????? | | # #????????????????????????????? | | +####" "# #? #????????????????????????????? | | ?#"R"# ####?######????????????????????????????? | | #"""# #??????????????????????????????????????? | | "" ##### #??????????????????????????????????????? | | "" #???# #??????????????????????????????????????? | | "" #???# #??######??????????????????????????????? | | #???# #??# #??????????????????????????????? | | #####???# #??# #?#####????????????????????????? | | ######### #??# #?# ##########???????????????? | | # ## #??# #?# #?????????? | | # """ ## #??#! #?# ##########???????????????? | | # """ ## #??# #?# #????????????????????????? | +----------------------------------------------------+ Best States ------------- Heat Dissipation 31 Energy Generation 14 Energy Capacity 250 Matter Stores 300 Matter Capacity 300 Sight Range 18 Robot Scan Range 14 Terrain Scan Density 10 Armor Coverage 225 Evasion (%) 55 Item Schematics ----------------- None Robot Schematics ------------------ None Fabricated ------------ Nothing Repaired ---------- Nothing Studied --------- Aluminum Leg | -9/Materials | Hacked Rocket Launcher | -8/Materials | Hacked Alien Tech Used ----------------- None Achievements -------------- None Challenges ------------ None Game ------ Seed FocalSpacefoldCompressor Manual? 0 Play Time 00:10:48 Cumulative 33.0 hours Start 2025.12.22 @ 22:27:14 End 2025.12.22 @ 22:35:01 Sessions 1 Manual Loads 0 Difficulty Rogue Special Mode None Game No. 59 Rogue 58 Adventurer 1 Explorer 0 Win Type - Total 0 Types 0/0/0/0/0/0/0/0/0/0 Lore% 8 Gallery% 29 Achievement% 19 Wizard Run 0 Options --------- Layout 1 ASCII 0 Keyboard 0 Movement Arrows Keybinds 0 Fullscreen 1 Font 24/Smallcaps Map View 50x35 Zoom Use 0% Tactical HUD 0 Map Filters NONE Filters NONE Steam 1 RUN: 25d647ac-f21c-43e7-8a94-5c54b252e92c